 Dungeon Crawl Stone Soup version 0.18-a0-1800-gdc7a371 (webtiles) character file.

784 M4edhros the Martial Artist (level 7, -5/41 HPs)
             Began as an Octopode Necromancer on Apr 24, 2016.
             Was a Priest of Cheibriados.
             Slain by a steam dragon (11 damage)
             ... on level 6 of the Dungeon.
             The game lasted 00:13:15 (2348 turns).

M4edhros the Martial Artist (Octopode Necromancer)  Turns: 2348, Time: 00:13:16

Health: -5/41      AC:  1    Str: 12 (14) XL:     7   Next: 86%
Magic:  16/19      EV: 15    Int: 24      God:    Cheibriados [***...]
Gold:   186        SH:  0    Dex: 17 (20) Spells: 3 memorised, 5 levels left

rFire  + . .     SeeInvis .       - Unarmed
rCold  . . .     Gourm    .     (no shield)
rNeg   . . .     Faith    .     (helmet restricted)
rPois  .         Spirit   .     (no amulet)
rElec  .         Dismiss  .     u - ring of magical power
rCorr  .         Reflect  .     (no ring)
SustAt .         Harm     .     (no ring)
MR     .....                    (no ring)
Stlth  +++.......               (no ring)
                                (no ring)
                                (no ring)
                                (no ring)

@: very slow, not resistant to hostile enchantments, fairly stealthy
A: almost no armour, amphibious, 8 rings, constrict 8, repulsion field 1,
camouflage 1, clumsy 1, fire resistance 1, slow regeneration 1, gelatinous body
1, evolution 1
a: Bend Time, Temporal Distortion, Renounce Religion


You were on level 6 of the Dungeon.
You worshipped Cheibriados.
Cheibriados was most pleased with you.
You were not hungry.

You visited 1 branch of the dungeon, and saw 6 of its levels.

You collected 186 gold pieces.

Inventory:

Missiles
 h - 79 stones (quivered)
 s - 27 sling bullets
Jewellery
 r - an uncursed ring of teleportation
 u - a ring of magical power (left tentacle)
Wands
 g - a wand of digging (14/24)
 w - a wand of polymorph (5/24)
Scrolls
 e - 2 scrolls of enchant armour
 f - a scroll of recharging
 j - a scroll of fear
 m - 2 scrolls of remove curse
 q - 3 scrolls of enchant weapon
 t - a scroll of teleportation {unknown}
Potions
 d - 2 potions of flight
 l - a potion of degeneration
 p - a potion of cure mutation {unknown}
 x - a potion of haste {unknown}
Books
 a - a book of Necromancy

   Spells                             Type                      Level
   a - Pain                           Necromancy                   1
   b - Animate Skeleton               Necromancy                   1
   c - Vampiric Draining              Necromancy                   3
   d - Regeneration                   Charms/Necromancy            3
   e - Animate Dead                   Necromancy                   4
   f - Control Undead                 Necromancy                   4
 c - a Necronomicon

   Spells                             Type                      Level
   a - Haunt                          Necromancy/Summoning         7
   b - Borgnjor's Revivification      Necromancy                   8
   c - Death's Door                   Charms/Necromancy            8
   d - Necromutation                  Transmutation/Necromancy     8
Comestibles
 b - 4 bread rations
 i - 4 fruits
 k - a beef jerky
 o - a slice of pizza


   Skills:
 - Level 2.0 Dodging
 - Level 2.6 Stealth
 + Level 8.4 Unarmed Combat
 - Level 2.0 Spellcasting
 - Level 4.0 Necromancy


You had 5 spell levels left.
You knew the following spells:

 Your Spells              Type           Power        Failure   Level  Hunger
a - Pain                  Necr           ###.         1%          1    #......
b - Animate Skeleton      Necr           N/A          1%          1    #......
r - Regeneration          Chrm/Necr      ##........   17%         3    ###....


Dungeon Overview and Level Annotations

Branches:
Dungeon (6/15)             Temple (0/1) D:5

Altars:
Cheibriados
Gozag
Nemelex Xobeh
Yredelemnul

Annotations:
D:4 turtle's ghost, weakling TrWr


Innate Abilities, Weirdness & Mutations

You cannot wear most types of armour.
You are amphibious.
You can wear up to eight rings at the same time.
You can use your tentacles to constrict eight enemies at once.
Your skin changes colour to match your surroundings (Stealth).
Your rubbery body absorbs attacks (AC +1).
You are surrounded by a mild repulsion field (EV +2).
You are clumsy. (Dex -2)
Your flesh is heat resistant.
You regenerate slowly when monsters are visible.
You evolve.


Message History

The steam dragon is severely wounded.
The steam dragon closely misses you. The steam dragon claws you.
The steam dragon bites you. The steam dragon claws you.
The steam dragon barely misses you. x2
You barely miss the steam dragon. Your squeeze misses the steam dragon.
The steam dragon is severely wounded.
You closely miss the steam dragon. Your squeeze misses the steam dragon.
The steam dragon is severely wounded.
The steam dragon bites you.
* * * LOW HITPOINT WARNING * * *
The steam dragon claws you.
* * * LOW HITPOINT WARNING * * *
Drink which item? (? for menu, Esc to quit)
You feel better. The steam dragon breathes steam at you.
The ball of steam misses you. The steam dragon bites you!
* * * LOW HITPOINT WARNING * * *
The steam dragon barely misses you. The steam dragon bites you!
You die...

#... ..#...# .....
#.#.#.#
...D.##.#.#.#
#.......#.#.#######
#..............#
####.......###.#
#.......# #.#
#§D.....# #.#
#@......# #.#
#.......# #.#
#...>...# #.#
........# #.#
>............#
...####...#####
...# ..... ...#
##.##


You could see a steam dragon.

Vanquished Creatures
  A human (D:5)
  A phantom (D:5)
  A scorpion (D:5)
  3 orc wizards (D:4)
  3 giant frog skeletons
  2 orc priests
  4 worker ants
  A worker ant zombie (D:5)
  2 gnolls (D:2)
  5 adders
  An ooze (D:4)
  A worm (D:5)
  A dart slug (D:1)
  4 giant geckos
  14 orcs
  6 bats
  4 giant cockroaches
  2 goblins (D:2)
  2 hobgoblins (D:3)
  7 jackals (D:3)
  A quokka (D:3)
  3 ball pythons
  4 giant newts
  A jackal zombie (D:5)
  3 kobolds
  5 rats
82 creatures vanquished.

Vanquished Creatures (collateral kills)
  A centaur zombie (D:5)
  An orc (D:5)
2 creatures vanquished.

Grand Total: 84 creatures vanquished

Notes
Turn   | Place    | Note
--------------------------------------------------------------
     0 | D:1      | M4edhros the Octopode Necromancer began the quest for the Orb.
     0 | D:1      | Reached XP level 1. HP: 11/11 MP: 3/3
    50 | D:2      | Reached skill level 1 in Unarmed Combat
    50 | D:2      | Reached XP level 2. HP: 8/17 MP: 0/5
    86 | D:1      | Found a snail-covered altar of Cheibriados.
    95 | D:1      | Became a worshipper of Cheibriados the Contemplative
   132 | D:1      | Reached skill level 2 in Unarmed Combat
   140 | D:1      | Learned a level 1 spell: Animate Skeleton
   390 | D:3      | Reached XP level 3. HP: 2/21 MP: 0/6
   395 | D:3      | Learned a level 3 spell: Regeneration
   586 | D:3      | Reached skill level 3 in Unarmed Combat
   663 | D:3      | Reached * piety under Cheibriados
   888 | D:2      | Found a faded altar to an unknown god.
   899 | D:2      | Reached XP level 4. HP: 24/27 MP: 4/7
  1176 | D:3      | Reached skill level 4 in Unarmed Combat
  1225 | D:4      | Reached ** piety under Cheibriados
  1228 | D:4      | Reached XP level 5. HP: 25/31 MP: 8/8
  1343 | D:4      | Found a basalt altar of Yredelemnul.
  1364 | D:4      | Reached skill level 5 in Unarmed Combat
  1374 | D:4      | Reached XP level 6. HP: 24/36 MP: 9/9
  1426 | D:4      | Reached skill level 6 in Unarmed Combat
  1450 | D:4      | Noticed turtle's ghost (weakling TrWr)
  1470 | D:5      | Entered Level 5 of the Dungeon
  1619 | D:5      | Noticed a phantom
  1634 | D:5      | Killed a phantom
  1634 | D:5      | Reached XP level 7. HP: 29/41 MP: 10/10
  1693 | D:5      | Reached skill level 7 in Unarmed Combat
  1736 | D:5      | Found a staircase to the Ecumenical Temple.
  1853 | D:5      | Found an opulent altar of Gozag.
  2089 | D:5      | Reached *** piety under Cheibriados
  2090 | D:5      | Gained mutation: You are clumsy. (Dex -2) [potion of mutation]
  2090 | D:5      | Gained mutation: Your flesh is heat resistant. [potion of mutation]
  2090 | D:5      | Gained mutation: You regenerate slowly when monsters are visible. [potion of mutation]
  2091 | D:5      | Gained mutation: You evolve. [potion of mutation]
  2091 | D:5      | Gained mutation: You are surrounded by a mild repulsion field (EV +2). [potion of mutation]
  2102 | D:5      | Noticed a human
  2102 | D:5      | an ogre changed into a human
  2109 | D:5      | Killed a human
  2109 | D:5      | Reached skill level 8 in Unarmed Combat
  2132 | D:5      | Found a sparkling altar of Nemelex Xobeh.
  2330 | D:6      | Noticed a steam dragon
  2330 | D:6      | an ogre changed into a steam dragon
  2348 | D:6      | Slain by a steam dragon

Vault maps used:
D:1:      shiori_arrival_elements, cheibriados_altar_1
D:2:      ecumenical_altar_2, first_bread
D:3:      corexii_shack
D:4:      yredelemnul_altar_generic
D:5:      overflow_temple_1_default, nemelex_xobeh_ov_fountains_minmay,
          nicolae_gozag_seed_capital, minmay_temple_entry_poolview,
          enter_ossuary_3
D:6:      lemuel_zombie_altar_kikubaaqudgha

Skill      XL: |  1  2  3  4  5  6  7 |
---------------+----------------------+-----
Unarmed Combat | 1 2 3 4 5 6 8 |  8.4
Dodging        | |  2.0
Stealth        | |  2.6
Spellcasting   | |  2.0
Necromancy     | |  4.0

Action                   |  1- 3 |  4- 6 |  7- 9 || total
-------------------------+-------+-------+-------++-------
Melee: Unarmed           |    19 |    60 |    52 ||   131
       Constrict         |     6 |     8 |    12 ||    26
       Tentacles         |     4 |    14 |    15 ||    33
       Punch             |       |     2 |       ||     2
 Cast: Pain              |    47 |    40 |    15 ||   102
       Animate Skeleton  |     8 |     7 |     4 ||    19
       Regeneration      |     3 |     6 |     8 ||    17
Evoke: Wand              |       |       |     4 ||     4
  Use: Scroll            |     4 |     2 |     2 ||     8
       Potion            |       |     3 |     5 ||     8
 Stab: Sleeping          |       |     2 |     1 ||     3
       Distracted        |       |       |     1 ||     1
  Eat: Chunk             |     1 |     3 |     2 ||     6
Armor: Skin              |     3 |    37 |     1 ||    41
Dodge: Dodged            |    22 |    31 |    40 ||    93
